 Dungeon Crawl Stone Soup version 0.22-a0-231-g1b571ea (webtiles) character file.

437 wolfsongas the Covered (level 7, -1/56 HPs)
             Began as a Gnoll Wanderer on Feb 21, 2018.
             Slain by an orc warrior
             ... wielding a +0 war axe
              (16 damage)
             ... on level 5 of the Dungeon.
             The game lasted 00:05:08 (3568 turns).

wolfsongas the Covered (Gnoll Wanderer)             Turns: 3568, Time: 00:05:09

Health: -1/56      AC: 15    Str: 22    XL:     7   Next: 1%
Magic:  10/10      EV:  7    Int: 15    God:
Gold:   221        SH: 10    Dex: 13    Spells: 10/10 levels left

rFire    + . .     SeeInvis .   e - +3 dagger (freeze)
rCold    . . .     Gourm    .   n - +0 shield
rNeg     . . .     Faith    .   i - +3 chain mail {rF+}
rPois    .         Spirit   .   (no helmet)
rElec    .         Reflect  .   (no cloak)
rCorr    .         Harm     .   p - +1 pair of gloves
MR       .....                  (no boots)
Stlth    ..........             (no amulet)
HPRegen  0.18/turn              h - ring of wizardry
MPRegen  0.12/turn              (no ring)

@: mighty, lethally poisoned (-1 -> -8)
A: distributed training, fangs 1, strong nose
a: no special abilities


You were on level 5 of the Dungeon.
You were not hungry.

You visited 1 branch of the dungeon, and saw 5 of its levels.

You collected 221 gold pieces.

Inventory:

Hand Weapons
 e - a +3 dagger of freezing (weapon)
Armour
 i - a +3 chain mail of fire resistance (worn)
 n - a +0 shield (worn)
 p - a +1 pair of gloves (worn)
Jewellery
 h - a ring of wizardry (left hand)
Wands
 g - a wand of scattershot (3)
Scrolls
 a - 2 scrolls of fear
 d - a scroll of fog
 j - a scroll of blinking
Potions
 b - 2 potions of curing
 c - a potion of agility
 m - a potion of mutation {unknown}
 o - a potion of flight {unknown}
Comestibles
 f - 5 rations


   Skills:
 + Level 5.1 Fighting
 + Level 2.1 Short Blades
 + Level 2.1 Long Blades
 + Level 2.1 Axes
 + Level 2.1 Maces & Flails
 + Level 2.1 Polearms
 + Level 2.1 Staves
 + Level 2.1 Slings
 + Level 2.1 Bows
 + Level 3.4 Crossbows
 + Level 2.1 Throwing
 + Level 6.9 Armour
 + Level 2.1 Dodging
 + Level 3.2 Stealth
 + Level 5.1 Shields
 + Level 3.4 Unarmed Combat
 + Level 2.1 Spellcasting
 + Level 1.7 Conjurations
 + Level 1.7 Hexes
 + Level 1.7 Charms
 + Level 1.7 Summonings
 + Level 1.7 Necromancy
 + Level 1.7 Translocations
 + Level 1.7 Transmutations
 + Level 1.7 Fire Magic
 + Level 1.7 Ice Magic
 + Level 1.7 Air Magic
 + Level 1.7 Earth Magic
 + Level 1.7 Poison Magic
 + Level 2.4 Invocations
 + Level 2.1 Evocations


You had 10 spell levels left.
You didn't know any spells.

Dungeon Overview and Level Annotations

Branches:
Dungeon (5/15)
 Temple: D:4-7

Altars:
Dithmenos


Innate Abilities, Weirdness & Mutations

Your experience applies equally to all skills.
You have very sharp teeth.
Your uncanny sense of smell can sniff out nearby items.


Message History

The orc wizard is severely wounded.
* * * LOW HITPOINT WARNING * * *
You feel very sick. You block the orc's attack. x2
The orc warrior hits you with a war axe.
* * * LOW HITPOINT WARNING * * *
The orc wizard hits you but does no damage.
You are more poisoned.
The orc hits you but does no damage.
You feel better. The orc barely misses you.
The orc warrior hits you with a war axe!
* * * LOW HITPOINT WARNING * * *
The orc wizard barely misses you. The orc closely misses you.
It was a potion of might.
You feel very mighty all of a sudden. You block the orc's attack.
The orc wizard hits you but does no damage.
You are poisoned.
The orc warrior hits you with a war axe!
You die...

############
#..........#
>.#......<...#
.............#
###.....##..#
####.###.##
### #..##
###..#.o.#
...$$.)o@.#
.8#...#oo##
∆#...#..# #..8
#..# ..(##
#..# ##. #..+
# #..# #..#


You could see an orc warrior, an orc wizard and 2 orcs.

Vanquished Creatures
  An ogre (D:4)
  4 orc priests
  Ijyb (D:3)
  2 orc wizards
  2 worker ants (D:4)
  3 adders
  2 worms (D:4)
  An adder skeleton (D:4)
  A leopard gecko (D:3)
  12 orcs
  5 bats
  A giant cockroach (D:4)
  4 hobgoblins
  6 jackals
  5 kobolds
  2 quokkas
  3 frilled lizards
  8 goblins
  2 jackal skeletons (D:4)
  3 rats
68 creatures vanquished.

Notes
Turn   | Place    | Note
-------+----------+-------------------------------------------
     0 | D:1      | wolfsongas the Gnoll Wanderer began the quest for the Orb.
     0 | D:1      | wolfsongas set off with: 2 scrolls of fear, 2 potions of curing, a +0 robe, a +0 club, a ration
     0 | D:1      | Reached XP level 1. HP: 20/20 MP: 1/1
   516 | D:1      | Reached XP level 2. HP: 26/26 MP: 2/2
  1137 | D:2      | Reached XP level 3. HP: 31/31 MP: 3/3
  1848 | D:3      | Reached skill level 1 in Invocations
  1872 | D:3      | Reached skill level 1 in Short Blades
  1872 | D:3      | Reached skill level 1 in Long Blades
  1872 | D:3      | Reached skill level 1 in Axes
  1872 | D:3      | Reached skill level 1 in Maces & Flails
  1872 | D:3      | Reached skill level 1 in Polearms
  1872 | D:3      | Reached skill level 1 in Staves
  1872 | D:3      | Reached skill level 1 in Slings
  1872 | D:3      | Reached skill level 1 in Bows
  1872 | D:3      | Reached skill level 1 in Throwing
  1872 | D:3      | Reached skill level 1 in Dodging
  1872 | D:3      | Reached skill level 1 in Spellcasting
  1872 | D:3      | Reached skill level 1 in Evocations
  1941 | D:3      | Reached XP level 4. HP: 38/38 MP: 5/5
  2029 | D:3      | Noticed Ijyb
  2056 | D:3      | Killed Ijyb
  2177 | D:3      | You fall through a shaft!
  2186 | D:4      | Reached skill level 1 in Conjurations
  2186 | D:4      | Reached skill level 1 in Hexes
  2186 | D:4      | Reached skill level 1 in Charms
  2186 | D:4      | Reached skill level 1 in Summonings
  2186 | D:4      | Reached skill level 1 in Necromancy
  2186 | D:4      | Reached skill level 1 in Translocations
  2186 | D:4      | Reached skill level 1 in Transmutations
  2186 | D:4      | Reached skill level 1 in Fire Magic
  2186 | D:4      | Reached skill level 1 in Ice Magic
  2186 | D:4      | Reached skill level 1 in Air Magic
  2186 | D:4      | Reached skill level 1 in Earth Magic
  2186 | D:4      | Reached skill level 1 in Poison Magic
  2206 | D:4      | Noticed an ogre
  2214 | D:4      | Killed an ogre
  2214 | D:4      | Reached XP level 5. HP: 25/43 MP: 5/7
  2392 | D:3      | Reached XP level 6. HP: 17/50 MP: 8/8
  2648 | D:4      | Found a shadowy altar of Dithmenos.
  2736 | D:4      | Reached skill level 5 in Fighting
  2736 | D:4      | Reached skill level 5 in Shields
  3247 | D:5      | Entered Level 5 of the Dungeon
  3549 | D:5      | Noticed an orc warrior
  3553 | D:5      | Reached XP level 7. HP: 56/56 MP: 10/10
  3568 | D:5      | Slain by an orc warrior

Vault maps used:
D:1:      scummos_arrival_hexagon, fountainhead, lemuel_another_geyser
D:2:      serial_bayou_pond_b
D:3:      first_ration, uniq_ijyb
D:4:      nicolae_dithmenos_the_darkroom
D:5:      serial_shops, shop, guppyfry_early_orc_mine, uniq_menkaure

Skill      XL: |  1  2  3  4  5  6 |
---------------+-------------------+-----
Invocations    | 1 2 |  2.4
Short Blades   | 1 2 |  2.1
Long Blades    | 1 2 |  2.1
Axes           | 1 2 |  2.1
Maces & Flails | 1 2 |  2.1
Polearms       | 1 2 |  2.1
Staves         | 1 2 |  2.1
Slings         | 1 2 |  2.1
Bows           | 1 2 |  2.1
Throwing       | 1 2 |  2.1
Dodging        | 1 2 |  2.1
Spellcasting   | 1 2 |  2.1
Evocations     | 1 2 |  2.1
Conjurations   | 1 |  1.7
Hexes          | 1 |  1.7
Charms         | 1 |  1.7
Summonings     | 1 |  1.7
Necromancy     | 1 |  1.7
Translocations | 1 |  1.7
Transmutations | 1 |  1.7
Fire Magic     | 1 |  1.7
Ice Magic      | 1 |  1.7
Air Magic      | 1 |  1.7
Earth Magic    | 1 |  1.7
Poison Magic   | 1 |  1.7
Crossbows      | 3 |  3.4
Unarmed Combat | 3 |  3.4
Stealth        | 3 |  3.2
Fighting       | 5 |  5.1
Shields        | 5 |  5.1
Armour         | |  6.9

Action                   |  1- 3 |  4- 6 |  7- 9 || total
-------------------------+-------+-------+-------++-------
Melee: Dagger            |    96 |   181 |    12 ||   289
       Bite              |    10 |    16 |       ||    26
       Punch             |     1 |       |       ||     1
  Use: Scroll            |     6 |     2 |       ||     8
       Potion            |     2 |       |     2 ||     4
  Eat: Chunk             |     2 |     1 |       ||     3
       Ration            |     1 |     1 |       ||     2
Armor: Robe              |     6 |       |       ||     6
       Chain mail        |    52 |    94 |    12 ||   158
Dodge: Dodged            |    35 |    31 |     4 ||    70
Block: Shield            |       |    54 |     6 ||    60

Table legend:
 A = Spawn XP
 B = Non-spawn XP
 C = Spawn XP percentage of total XP
 D = Spawn monster count
 E = Non-spawn monster count
 F = Spawn count percentage of total count
 G = Total turns spent on level
                    A         B        C        D         E        F      G
               +---------+---------+-------+---------+---------+-------+---------
         Total |       0 |     625 |   0.0 |       0 |      68 |   0.0 |  3568
               +---------+---------+-------+---------+---------+-------+---------
           D:1 |       0 |      17 |   0.0 |       0 |      11 |   0.0 |   959
           D:2 |       0 |      32 |   0.0 |       0 |      12 |   0.0 |   741
           D:3 |       0 |     160 |   0.0 |       0 |      20 |   0.0 |   989
           D:4 |       0 |     372 |   0.0 |       0 |      23 |   0.0 |   849
           D:5 |       0 |      44 |   0.0 |       0 |       2 |   0.0 |    30
               +---------+---------+-------+---------+---------+-------+---------
